AoeStats
← 859

African Clearing

510538191Analyzed
4v4 RM · 1d ago on Oct 1, 2026· 79m 57s· 8 players
Game mode
Random Map
Map size
Large (8 player)
Population
200
Speed
Normal
Resources
Standard
Victory
Conquest
Starting age
Dark Age
Ending age
Imperial Age
RankedLock teamsTeams togetherTeam positionsShared explorationLock speedFull tech treeHidden civsTurbo modeCheats
Victory
Defeat
🇨🇳 Vietnamese · China
1464
+9
🇨🇳 Franks · China
1278
+16
🇨🇳 Koreans · China
1250
+18
🇨🇳 Khitans · China
1248
+18
🇪🇸 Magyars · Spain
1359
-18
🇹🇷 Mongols · Türkiye
1279
-15
🇪🇸 Huns · Spain
1278
-15
🇦🇺 Spanish · Australia
1249
-13
IkerJura23783
3:55 Loom
14:27 Feudal Age
15:11 Double-Bit Axe
22:00 Castle Age
21:57 Bloodlines
21:59 Forging
21:54 Scale Barding Armor
32:37 Bow Saw
42:48 Wheelbarrow
43:03 Chain Barding Armor
46:57 Murder Holes
hezarfen
4:34 Loom
4:41 Loom
14:22 Feudal Age
14:50 Double-Bit Axe
14:52 Horse Collar
20:16 Castle Age
19:08 Stone Mining
19:09 Gold Mining
21:50 Wheelbarrow
22:59 Bow Saw
23:13 Heavy Plow
24:55 Fletching
26:56 Bodkin Arrow
34:19 Stone Shaft Mining
34:32 Hand Cart
35:25 Gold Shaft Mining
36:04 Padded Archer Armor
36:35 Fortified Wall
39:48 Imperial Age
37:44 Leather Archer Armor
37:42 Masonry
38:29 Town Watch
39:24 Scale Barding Armor
39:30 Forging
40:34 Chain Barding Armor
41:04 Conscription
42:16 Chemistry
41:37 Ballistics
41:20 Husbandry
41:31 Bloodlines
40:51 Elite Mangudai
40:56 Elite Steppe Lancer
41:24 Heavy Camel Rider
43:11 Murder Holes
43:58 Iron Casting
48:22 Siege Engineers
48:55 Hoardings
50:06 Town Patrol
51:01 Bracer
52:02 Blast Furnace
59:55 Scale Mail Armor
59:31 Sappers
60:07 Nomads
Rotrex
3:55 Loom
11:41 Feudal Age
12:43 Double-Bit Axe
20:59 Castle Age
22:51 Gold Mining
24:38 Fletching
27:59 Bow Saw
28:52 Padded Archer Armor
30:58 Bloodlines
33:49 Wheelbarrow
38:54 Imperial Age
37:13 Bodkin Arrow
37:29 Horse Collar
38:49 Ballistics
38:47 Leather Archer Armor
40:01 Bracer
39:56 Town Watch
40:49 Gold Shaft Mining
41:58 Two-Man Saw
41:11 Murder Holes
42:06 Hand Cart
44:18 Parthian Tactics
44:04 Heavy Plow
44:58 Stone Mining
45:04 Heavy Cavalry Archer
46:09 Husbandry
46:45 Ring Archer Armor
Bread
14:24 Feudal Age
16:25 Horse Collar
17:58 Loom
23:47 Double-Bit Axe
27:41 Castle Age
27:00 Padded Archer Armor
28:09 Wheelbarrow
28:55 Heavy Plow
29:17 Leather Archer Armor
29:11 Gold Mining
29:13 Stone Mining
29:38 Bow Saw
31:05 Husbandry
33:37 Bloodlines
35:36 Elite Skirmisher
36:08 Fletching
39:05 Hand Cart
44:48 Imperial Age
45:19 Bodkin Arrow
46:00 Bracer
47:02 Ballistics
93老玩家回归
10:29 Loom
13:57 Feudal Age
15:13 Double-Bit Axe
15:54 Scale Barding Armor
16:00 Forging
17:58 Bloodlines
19:02 Fishing Lines
27:04 Castle Age
25:19 Fletching
28:11 Bodkin Arrow
28:17 Padded Archer Armor
28:27 Thumb Ring
29:14 Bow Saw
30:26 Wheelbarrow
34:09 Imperial Age
34:15 Husbandry
33:43 Light Cavalry
35:24 Heavy Cavalry Archer
36:44 Bracer
37:01 Leather Archer Armor
36:44 Gillnets
39:00 Hand Cart
41:02 Chemistry
39:54 Heated Shot
40:39 Chain Barding Armor
40:54 Iron Casting
41:03 Chatras
41:45 Horse Collar
42:07 Town Watch
43:15 Elite Battle Elephant
45:13 Treadmill Crane
45:54 Bombard Tower
45:57 Ballistics
46:13 Paper Money
46:11 Scale Mail Armor
46:45 Ring Archer Armor
46:50 Plate Barding Armor
46:21 Gold Mining
46:24 Stone Mining
48:41 Heavy Plow
49:19 Stone Shaft Mining
51:14 Elite Rattan Archer
52:58 Bombard Tower
52:43 Siege Engineers
52:49 Masonry
53:02 Bombard Tower
52:39 Murder Holes
77:47 Spies/Treason
859
2:45 Loom
14:42 Feudal Age
15:36 Double-Bit Axe
18:44 Castle Age
18:12 Wheelbarrow
18:21 Scale Barding Armor
19:12 Forging
19:35 Husbandry
25:01 Chain Barding Armor
31:15 Gold Mining
37:04 Imperial Age
36:08 Iron Casting
36:30 Bow Saw
37:20 Hand Cart
38:14 Gold Shaft Mining
37:06 Cavalier
38:17 Conscription
39:46 Stone Mining
40:38 Plate Barding Armor
40:33 Paladin
42:17 Blast Furnace
42:01 Chivalry
45:09 Capped Ram
47:26 Light Cavalry
51:49 Ordonnance Companies
56:14 Caravan
56:47 Coinage
58:19 Banking
64:40 Hoardings
64:35 Fletching
68:23 Bodkin Arrow
75:08 Ballistics
75:49 Chemistry
860
5:08 Loom
12:46 Feudal Age
12:54 Man-at-Arms
19:17 Arson
20:50 Scale Mail Armor
21:01 Forging
23:48 Fletching
27:18 Castle Age
29:06 Double-Bit Axe
33:23 Bow Saw
40:53 Domestication
72:18 Imperial Age
小花花
5:25 Loom
17:26 Feudal Age
18:17 Horse Collar
18:25 Double-Bit Axe
21:16 Castle Age
25:51 Wheelbarrow
25:57 Gold Mining
26:16 Stone Mining
29:36 Bow Saw
29:29 Heavy Plow
32:36 Gold Shaft Mining
32:37 Stone Shaft Mining
39:50 Imperial Age
38:07 Fletching
38:28 Eupseong
39:20 Ballistics
39:11 Fortified Wall
38:42 Treadmill Crane
39:17 Masonry
39:04 Murder Holes
40:24 Bodkin Arrow
41:34 Chemistry
41:42 Two-Man Saw
40:25 Elite War Wagon
41:26 Conscription
42:44 Coinage
42:49 Architecture
43:07 Hand Cart
43:54 Bracer
44:39 Banking
56:11 Siege Engineers
55:54 Arrowslits
60:13 Capped Ram
65:15 Heated Shot
73:49 Spies/Treason
Connection lost

Rejoining the realm…

Still unreachable

The connection could not be restored.

Session expired

The server has moved on; the page needs a fresh start.